General information
- name: BNet
- type: Ladder team game (AT/RT)
- host: Battle.net
- saver: Kim.Il-Sung
map: Deadlock
- players: 8
- length: 30:33
- speed: Fast
- version: 1.26 W3XP
- replay type: Public
» download(213 KB)
Players
team 1 (loser)

»
FuriousHatred (
teal | 63 APM | 1912 actions | 30:17)
5 Archmage
3 Summon Water Elemental
2 Brilliance Aura
5 Paladin
2 Holy Light
3 Devotion Aura
» actions
| Assign group hotkey | 40 | |
| Basic commands | 318 | |
| Build / train | 92 | |
| ESC pressed | 4 | |
| Enter build submenu | 34 | |
| Enter hero's abilities submenu | 10 | |
| Right click | 679 | |
| Select / deselect | 391 | |
| Select group hotkey | 247 | |
| Use ability | 97 | |
1912 total
» units
| Peasant | 20 | |
| Footman | 16 | |
| Knight | 6 | |
| Spell Breaker | 2 | |
| Gryphon Rider | 2 | |
| Priest | 5 | |
| Dragonhawk Rider | 3 | |
54 total
» upgrades
| Plating | 2 | |
| Swords | 2 | |
| Lumber Harvesting | 2 | |
| Priest Training | 2 | |
| Storm Hammers | 1 | |
9 total
» buildings
| Altar of Kings | 1 | |
| Barracks | 2 | |
| Farm | 15 | |
| Arcane Vault | 1 | |
| Town Hall | 5 | |
| Scout Tower | 6 | |
| Lumber Mill | 1 | |
| Arcane Tower | 2 | |
| Keep | 1 | |
| Blacksmith | 1 | |
| Guard Tower | 4 | |
| Castle | 1 | |
| Gryphon Aviary | 1 | |
| Arcane Sanctum | 2 | |
43 total
» build order
00:05 Altar of Kings
00:27 Barracks
00:33 Farm
00:43 Farm
01:40 Farm
02:08 Farm
02:40 Farm
04:04 Arcane Vault
04:06 Farm
04:16 Town Hall
04:21 Scout Tower
04:44 Lumber Mill
05:22 Arcane Tower
06:02 Scout Tower
06:06 Scout Tower
06:10 Scout Tower
06:14 Keep
06:25 Blacksmith
06:56 Farm
06:58 Scout Tower
07:02 Scout Tower
07:22 Guard Tower
07:24 Guard Tower
07:25 Guard Tower
08:33 Guard Tower
09:00 Castle
09:01 Arcane Tower
10:25 Gryphon Aviary
10:31 Arcane Sanctum
12:01 Arcane Sanctum
12:40 Farm
12:42 Farm
12:44 Farm
12:45 Farm
13:39 Barracks
14:46 Town Hall
16:25 Farm
16:26 Farm
16:28 Farm
16:29 Farm
18:02 Town Hall
21:05 Town Hall
23:10 Town Hall
» items
| Scroll of Regeneration | 4 | |
| Scroll of Town Portal | 2 | |
| Potion of Healing | 2 | |
| Orb of Fire | 1 | |
9 total

»
IWiN3Vs3AllTiME (
pink | 61 APM | 1759 actions | 28:53)
5 Tauren Chieftain
3 Shockwave
2 Endurance Aura
4 Shadow Hunter
2 Hex
2 Healing Wave
» actions
| Assign group hotkey | 31 | |
| Basic commands | 21 | |
| Build / train | 75 | |
| Enter build submenu | 17 | |
| Enter hero's abilities submenu | 10 | |
| Remove unit from queue | 3 | |
| Right click | 531 | |
| Select / deselect | 383 | |
| Select group hotkey | 615 | |
| Use ability | 73 | |
1759 total
» units
| Peon | 8 | |
| Troll Headhunter/Berserker | 22 | |
| Troll Witch Doctor | 9 | |
39 total
» upgrades
| Ranged Weapons | 3 | |
| Armor | 3 | |
| Spiked Barricades | 2 | |
| Troll Regeneration | 1 | |
| Witch Doctor Training | 2 | |
| Berserker Upgrade | 1 | |
| Reinforced Defenses | 1 | |
13 total
» buildings
| Orc Burrow | 9 | |
| Altar of Storms | 1 | |
| War Mill | 1 | |
| Barracks | 1 | |
| Voodoo Lounge | 1 | |
| Stronghold | 1 | |
| Watch Tower | 1 | |
| Spirit Lodge | 1 | |
| Fortress | 1 | |
17 total
» build order
00:07 Orc Burrow
00:10 Altar of Storms
01:18 War Mill
01:22 Barracks
01:32 Orc Burrow
02:22 Voodoo Lounge
03:22 Orc Burrow
03:58 Stronghold
05:35 Orc Burrow
05:50 Watch Tower
06:44 Spirit Lodge
06:45 Fortress
08:39 Orc Burrow
11:37 Orc Burrow
15:17 Orc Burrow
15:19 Orc Burrow
15:20 Orc Burrow
» items
Kim.Il-Sung (
green | 75 APM | 2303 actions | 30:33)
4 Archmage
2 Summon Water Elemental
2 Brilliance Aura
» actions
| Assign group hotkey | 32 | |
| Basic commands | 235 | |
| Build / train | 101 | |
| ESC pressed | 3 | |
| Enter build submenu | 44 | |
| Enter hero's abilities submenu | 4 | |
| Give item / drop item | 7 | |
| Remove unit from queue | 1 | |
| Right click | 719 | |
| Select / deselect | 414 | |
| Select group hotkey | 645 | |
| Use ability | 98 | |
2303 total
» units
| Peasant | 23 | |
| Footman | 10 | |
| Gryphon Rider | 11 | |
| Dragonhawk Rider | 4 | |
48 total
» upgrades
| Masonry | 3 | |
| Lumber Harvesting | 2 | |
| Swords | 3 | |
| Armor | 3 | |
| Animal War Training | 1 | |
| Storm Hammers | 1 | |
| Plating | 3 | |
| Gunpowder | 3 | |
| Reinforced Hides | 1 | |
| Strength of the Wild | 1 | |
| Magic Sentry | 1 | |
22 total
» buildings
| Altar of Kings | 1 | |
| Farm | 11 | |
| Barracks | 1 | |
| Town Hall | 2 | |
| Arcane Vault | 1 | |
| Lumber Mill | 1 | |
| Scout Tower | 16 | |
| Keep | 1 | |
| Guard Tower | 8 | |
| Blacksmith | 1 | |
| Castle | 1 | |
| Gryphon Aviary | 4 | |
| Arcane Sanctum | 1 | |
49 total
» build order
00:04 Altar of Kings
00:09 Farm
00:22 Barracks
00:51 Farm
01:32 Farm
03:15 Town Hall
04:13 Farm
05:15 Town Hall
05:35 Arcane Vault
06:11 Lumber Mill
06:18 Scout Tower
06:20 Scout Tower
06:22 Scout Tower
06:25 Scout Tower
06:38 Keep
07:26 Guard Tower
07:42 Scout Tower
07:44 Scout Tower
07:47 Scout Tower
07:48 Scout Tower
08:18 Guard Tower
08:19 Guard Tower
08:23 Blacksmith
09:05 Castle
09:31 Scout Tower
09:32 Scout Tower
09:33 Scout Tower
09:34 Scout Tower
10:11 Gryphon Aviary
10:13 Guard Tower
10:22 Gryphon Aviary
10:41 Farm
11:21 Gryphon Aviary
11:26 Farm
12:47 Farm
12:50 Scout Tower
12:52 Scout Tower
13:03 Scout Tower
13:07 Scout Tower
13:19 Guard Tower
13:22 Guard Tower
13:34 Guard Tower
13:39 Guard Tower
14:23 Farm
14:26 Farm
14:32 Farm
14:34 Farm
16:56 Gryphon Aviary
29:19 Arcane Sanctum
» items
| Staff of Teleportation | 1 | |
| Boots of Speed | 1 | |
| Scroll of Regeneration | 2 | |
| Mechanical Critter | 1 | |
| Periapt of Vitality | 1 | |
| Scroll of Town Portal | 9 | |
15 total
S3.Nova (
red | 55 APM | 1569 actions | 28:24)
5 Demon Hunter
3 Evasion
2 Mana Burn
» actions
| Assign group hotkey | 52 | |
| Basic commands | 94 | |
| Build / train | 92 | |
| ESC pressed | 1 | |
| Enter build submenu | 18 | |
| Enter hero's abilities submenu | 5 | |
| Right click | 606 | |
| Select / deselect | 299 | |
| Select group hotkey | 357 | |
| Use ability | 45 | |
1569 total
» units
| Wisp | 44 | |
| Archer | 2 | |
| Huntress | 14 | |
| Druid of the Talon | 14 | |
74 total
» upgrades
| Strength of the Moon | 2 | |
| Ultravision | 1 | |
| Upgrade Moon Glaive | 1 | |
| Druid of the Talon Training | 2 | |
| Moon Armor | 1 | |
7 total
» buildings
| Altar of Elders | 1 | |
| Moon Well | 4 | |
| Ancient of War | 2 | |
| Ancient of Wonders | 1 | |
| Hunter's Hall | 1 | |
| Tree of Ages | 2 | |
| Tree of Eternity | 1 | |
| Ancient of Wind | 2 | |
| Tree of Life | 7 | |
21 total
» build order
00:06 Altar of Elders
00:09 Moon Well
01:05 Ancient of War
01:32 Moon Well
02:23 Ancient of Wonders
02:26 Moon Well
02:50 Hunter's Hall
03:27 Moon Well
03:42 Tree of Ages
04:25 Ancient of War
06:17 Tree of Eternity
07:36 Ancient of Wind
07:39 Ancient of Wind
12:13 Tree of Life
16:50 Tree of Life
20:01 Tree of Life
21:04 Tree of Life
21:26 Tree of Life
25:16 Tree of Ages
25:49 Tree of Life
25:53 Tree of Life
» items
team 2 (winner)

»
I)eath4u (
orange | 53 APM | 639 actions | 11:59)
3 Tauren Chieftain
1 War Stomp
2 Endurance Aura
1 Shadow Hunter
1 Healing Wave
» actions
| Assign group hotkey | 2 | |
| Build / train | 32 | |
| Enter build submenu | 10 | |
| Enter hero's abilities submenu | 4 | |
| Right click | 408 | |
| Select / deselect | 135 | |
| Use ability | 48 | |
639 total
» units
» upgrades
» buildings
| Altar of Storms | 1 | |
| Orc Burrow | 5 | |
| Barracks | 1 | |
| Voodoo Lounge | 1 | |
| War Mill | 1 | |
| Stronghold | 2 | |
| Watch Tower | 1 | |
| Fortress | 1 | |
13 total
» build order
00:17 Altar of Storms
00:28 Orc Burrow
00:37 Barracks
01:44 Orc Burrow
02:09 Voodoo Lounge
03:25 Orc Burrow
04:33 War Mill
04:54 Stronghold
04:54 Stronghold
05:40 Orc Burrow
06:42 Orc Burrow
07:03 Watch Tower
08:13 Fortress
» items
| Healing Salve | 1 | |
| Lesser Clarity Potion | 2 | |
| Scroll of Speed | 2 | |
5 total

»
NickyV (
yellow | 48 APM | 555 actions | 11:40)
2 Crypt Lord
1 Carrion Beetles
1 Spiked Carapace
» actions
| Assign group hotkey | 7 | |
| Basic commands | 26 | |
| Build / train | 37 | |
| Enter build submenu | 8 | |
| Enter hero's abilities submenu | 2 | |
| Give item / drop item | 1 | |
| Right click | 245 | |
| Select / deselect | 99 | |
| Select group hotkey | 98 | |
| Use ability | 32 | |
555 total
» units
» buildings
| Altar of Darkness | 1 | |
| Crypt | 1 | |
| Ziggurat | 4 | |
| Nerubian Tower | 1 | |
| Graveyard | 1 | |
| Spirit Tower | 7 | |
| Halls of the Dead | 2 | |
17 total
» build order
00:04 Altar of Darkness
00:08 Crypt
00:28 Ziggurat
01:16 Ziggurat
01:35 Nerubian Tower
01:50 Graveyard
02:30 Ziggurat
03:15 Spirit Tower
03:15 Spirit Tower
03:15 Spirit Tower
03:30 Spirit Tower
03:30 Spirit Tower
03:30 Spirit Tower
04:25 Ziggurat
05:52 Halls of the Dead
05:52 Halls of the Dead
TearinUpMyHeart (
purple | 67 APM | 2033 actions | 30:33)
6 Archmage
3 Summon Water Elemental
2 Brilliance Aura
1 Mass Teleport
» actions
| Assign group hotkey | 163 | |
| Basic commands | 66 | |
| Build / train | 97 | |
| Enter build submenu | 63 | |
| Enter hero's abilities submenu | 6 | |
| Give item / drop item | 5 | |
| Right click | 992 | |
| Select / deselect | 389 | |
| Select group hotkey | 98 | |
| Use ability | 154 | |
2033 total
» units
| Peasant | 25 | |
| Footman | 4 | |
| Gryphon Rider | 14 | |
43 total
» upgrades
| Lumber Harvesting | 2 | |
| Swords | 3 | |
| Masonry | 3 | |
| Animal War Training | 1 | |
| Armor | 3 | |
| Storm Hammers | 1 | |
13 total
» buildings
| Altar of Kings | 1 | |
| Barracks | 1 | |
| Farm | 9 | |
| Blacksmith | 3 | |
| Arcane Vault | 2 | |
| Keep | 1 | |
| Town Hall | 3 | |
| Scout Tower | 38 | |
| Lumber Mill | 2 | |
| Guard Tower | 11 | |
| Castle | 1 | |
| Gryphon Aviary | 5 | |
77 total
» build order
00:50 Altar of Kings
00:55 Barracks
00:59 Farm
01:05 Farm
01:16 Farm
01:17 Farm
02:10 Blacksmith
02:53 Arcane Vault
02:57 Farm
03:58 Keep
04:19 Town Hall
04:58 Scout Tower
04:58 Scout Tower
04:59 Scout Tower
05:01 Scout Tower
05:02 Scout Tower
05:07 Scout Tower
05:12 Lumber Mill
05:54 Blacksmith
07:03 Guard Tower
08:17 Scout Tower
08:17 Scout Tower
08:18 Scout Tower
08:24 Scout Tower
08:24 Scout Tower
08:25 Scout Tower
09:10 Castle
09:11 Guard Tower
09:17 Guard Tower
10:28 Gryphon Aviary
10:29 Gryphon Aviary
10:29 Gryphon Aviary
10:32 Gryphon Aviary
10:34 Gryphon Aviary
10:40 Lumber Mill
10:43 Scout Tower
10:45 Scout Tower
10:51 Scout Tower
10:52 Scout Tower
10:58 Scout Tower
10:59 Scout Tower
10:59 Scout Tower
10:59 Scout Tower
11:01 Scout Tower
11:03 Scout Tower
11:16 Guard Tower
11:30 Guard Tower
11:32 Guard Tower
11:44 Guard Tower
11:57 Guard Tower
12:17 Guard Tower
13:47 Town Hall
14:35 Farm
14:35 Farm
16:02 Town Hall
17:29 Scout Tower
17:29 Scout Tower
17:29 Scout Tower
17:30 Scout Tower
17:33 Scout Tower
17:34 Scout Tower
17:35 Scout Tower
18:12 Guard Tower
20:44 Blacksmith
20:47 Scout Tower
20:48 Scout Tower
20:48 Scout Tower
20:50 Scout Tower
20:51 Scout Tower
21:00 Farm
21:01 Farm
22:47 Guard Tower
27:39 Arcane Vault
» items
| Scroll of Regeneration | 7 | |
| Scroll of Town Portal | 4 | |
| Potion of Healing | 5 | |
| Lesser Clarity Potion | 1 | |
| Staff of Sanctuary | 1 | |
| Periapt of Vitality | 2 | |
| Boots of Speed | 1 | |
21 total
sorry-bob-helag (
blue | 81 APM | 2467 actions | 30:33)
6 Blademaster
3 Wind Walk
2 Critical Strike
1 Bladestorm
2 Shadow Hunter
1 Hex
1 Healing Wave
» actions
| Assign group hotkey | 27 | |
| Basic commands | 44 | |
| Build / train | 70 | |
| Enter build submenu | 14 | |
| Enter hero's abilities submenu | 8 | |
| Give item / drop item | 2 | |
| Remove unit from queue | 2 | |
| Right click | 1248 | |
| Select / deselect | 201 | |
| Select group hotkey | 723 | |
| Use ability | 128 | |
2467 total
» units
» buildings
| Altar of Storms | 1 | |
| Orc Burrow | 10 | |
| Barracks | 1 | |
| Voodoo Lounge | 1 | |
| Stronghold | 1 | |
| Great Hall | 2 | |
| War Mill | 1 | |
| Beastiary | 2 | |
19 total
» build order
00:14 Altar of Storms
00:19 Orc Burrow
00:37 Barracks
01:21 Orc Burrow
02:02 Voodoo Lounge
02:59 Stronghold
04:07 Great Hall
04:25 War Mill
05:59 Orc Burrow
06:07 Great Hall
06:35 Beastiary
08:03 Beastiary
08:56 Orc Burrow
08:56 Orc Burrow
10:49 Orc Burrow
10:49 Orc Burrow
10:50 Orc Burrow
12:04 Orc Burrow
12:04 Orc Burrow
» items
| Healing Salve | 2 | |
| Potion of Healing | 2 | |
| Scroll of Town Portal | 4 | |
| Potion of Lesser Invulnerability | 2 | |
| Scroll of Healing | 2 | |
| Periapt of Vitality | 1 | |
| Staff of Teleportation | 2 | |
| Scroll of Regeneration | 2 | |
| Lesser Clarity Potion | 2 | |
| Potion of Mana | 1 | |
20 total
Chat log
(00:16 / Allies) FuriousHatred: melee casters
(00:20 / All) Kim.Il-Sung: I am glorious Eternal Leader of North Korea
(00:26 / All) Kim.Il-Sung: Bow down before Your Lordship
(00:44 / All) Kim.Il-Sung: Korea is One. And North Korea is True and Best Korea
(00:46 / All) NickyV: south korea is where its at
(00:52 / All) FuriousHatred: nicky!
(00:54 / All) FuriousHatred: ur in my clan
(00:59 / All) NickyV: north korea full of niggers
(01:01 / All) NickyV: what up
(01:09 / Allies) Kim.Il-Sung: I will fast expo
(01:13 / All) FuriousHatred: its on
(01:16 / Allies) Kim.Il-Sung: It is the way of North Kora
(01:40 / Allies) IWiN3Vs3AllTiME: ¸hh docs
(01:45 / Allies) Kim.Il-Sung: I will get air
(01:46 / Allies) IWiN3Vs3AllTiME: tauren fs
(01:47 / Allies) Kim.Il-Sung: you guys get ground
(01:52 / Allies) FuriousHatred: kk
(02:54 / All) sorry-bob-helag: maphack
(02:57 / All) sorry-bob-helag: teal
(03:10 / All) FuriousHatred: lol
(04:40 / Allies) Kim.Il-Sung: wood please
(07:23 / All) sorry-bob-helag: HELP ME OBI WON KINBOI
(07:30 / All) NickyV: blues a nigger
(07:30 / All) NickyV: gg
(07:39 / All) TearinUpMyHeart: yellow bser
(07:49 / All) NickyV: lise
(07:51 / All) NickyV: lies
(07:57 / All) TearinUpMyHeart: you attacked blue dude
(08:13 / All) NickyV: he attacked me first douchebag
(08:34 / All) NickyV: long live north korea i guess
(08:44 / Allies) IWiN3Vs3AllTiME: lol
(08:47 / All) Kim.Il-Sung: Glorious North Korea is best Korea!
(09:09 / All) NickyV: ha
(09:29 / All) IWiN3Vs3AllTiME: Leave noob
(09:40 / Allies) IWiN3Vs3AllTiME: Lumber plz
(11:01 / Allies) Kim.Il-Sung: wood please
(11:41 / Allies) Kim.Il-Sung: wood
(12:06 / Allies) Kim.Il-Sung: wood
(12:17 / Allies) Kim.Il-Sung: give Korea wood
(12:39 / Allies) Kim.Il-Sung: WOOD god damn
(13:29 / Allies) Kim.Il-Sung: wood please
(13:31 / Allies) Kim.Il-Sung: making t3
(13:39 / Allies) IWiN3Vs3AllTiME: i dont have
(13:57 / Allies) Kim.Il-Sung: ty teal
(14:29 / All) FuriousHatred: nice nuke
(15:45 / Allies) S3.Nova: wtf??
(16:24 / Allies) S3.Nova: wtf idiot??
(16:50 / Allies) Kim.Il-Sung: wood please
(17:00 / Allies) S3.Nova: you just kille dme asshole
(17:14 / Allies) Kim.Il-Sung: ty
(17:54 / Allies) IWiN3Vs3AllTiME: wtf green
(19:21 / All) IWiN3Vs3AllTiME: Green I owned u
(19:22 / All) IWiN3Vs3AllTiME: NOOB
(19:28 / All) Kim.Il-Sung: is that why all your shit is dying?
(19:37 / All) Kim.Il-Sung: I have 6k gold doesn't matter fi I lose anything
(19:42 / All) IWiN3Vs3AllTiME: Lol
(19:45 / All) IWiN3Vs3AllTiME: U suck dick
(19:51 / All) Kim.Il-Sung: You lost all of your hhs btw
(19:54 / All) Kim.Il-Sung: I can rebuild
(19:55 / All) Kim.Il-Sung: you can't
(20:23 / All) Kim.Il-Sung: Nice hall
(20:26 / All) Kim.Il-Sung: I bet my team likes their halls
(20:27 / Allies) IWiN3Vs3AllTiME: I like south korea
(20:32 / All) sorry-bob-helag: lawl
(20:33 / All) Kim.Il-Sung: North Korea is #1
(20:37 / All) sorry-bob-helag: green raped u guys
(20:40 / All) IWiN3Vs3AllTiME: SOUTH KOREA
(20:44 / All) IWiN3Vs3AllTiME: FUCKED UR KOREA BITCH
(20:50 / All) IWiN3Vs3AllTiME: U ARE A FUCKING NO LIFE
(20:54 / All) IWiN3Vs3AllTiME: GO GET A FUCKING LIFE BITCH
(20:57 / All) Kim.Il-Sung: Oh really?
(21:02 / All) IWiN3Vs3AllTiME: FUCKING KOREAN LITTLE DICK
(21:13 / All) IWiN3Vs3AllTiME: U DONT EVEN HAVE a 4 INCH PENIS
(21:17 / All) IWiN3Vs3AllTiME: AND U KNOW IT BITCH
(21:22 / All) Kim.Il-Sung: How would you know? You have seen it?
(21:26 / All) IWiN3Vs3AllTiME: SO U KIlled my town cause ur frustrated
(21:28 / All) sorry-bob-helag: can u guys leave plz
(21:35 / All) sorry-bob-helag: i got tired of owning teal and red
(21:39 / All) Kim.Il-Sung: You all got raped by True Korea, you can leave now
(21:44 / All) TearinUpMyHeart: this was a close one lawls
(21:55 / All) Kim.Il-Sung: bad idea to expo teal
(21:59 / All) TearinUpMyHeart: I told jake to plop down the expo before yellow lol
(22:11 / All) IWiN3Vs3AllTiME: lol
(22:17 / All) IWiN3Vs3AllTiME: Green kill our base
(22:19 / All) sorry-bob-helag: i knew yellow was gnna stab me i didnt care
(22:21 / All) IWiN3Vs3AllTiME: Thats why you win
(22:27 / All) sorry-bob-helag: i had confidence in green he would pull it off
(22:28 / All) sorry-bob-helag: which he did
(22:30 / All) sorry-bob-helag: with flying colors
(22:52 / All) IWiN3Vs3AllTiME: small dick
(22:55 / All) IWiN3Vs3AllTiME: Small Dick
(23:00 / All) IWiN3Vs3AllTiME: Hahahahaha
(23:17 / All) Kim.Il-Sung: I am the Eternal Leader of North Korea, Kim Il-Sung. How does this make you feel?
(23:19 / All) Kim.Il-Sung: I am dictator
(23:23 / All) Kim.Il-Sung: You are whelp
(23:26 / All) IWiN3Vs3AllTiME: You are a little dick
(23:30 / Allies) FuriousHatred: just hit purp
(23:30 / All) IWiN3Vs3AllTiME: Like all north korean
(23:42 / All) IWiN3Vs3AllTiME: If you come to north korea youre bitch would love my dick man
(23:50 / All) Kim.Il-Sung: Which one?
(24:04 / All) IWiN3Vs3AllTiME: They never see a big 7 and half inch dick in their face
(24:43 / All) Kim.Il-Sung: No hero for you, sorry little buddy
(24:58 / All) IWiN3Vs3AllTiME: Everybody hate north korean bitch
(25:28 / Allies) FuriousHatred: red
(25:29 / All) Kim.Il-Sung: I see your expo red
(25:32 / Allies) FuriousHatred: help us kill off purp
(25:59 / All) Kim.Il-Sung: Bad idea to move out red
(26:57 / All) IWiN3Vs3AllTiME: oK WE SAW YOU GREEN
(27:01 / All) Kim.Il-Sung: I see you trying to rebuild in vain, red
(27:02 / Allies) IWiN3Vs3AllTiME: YOU GET ATTENTION YOURE OK NOW
(27:10 / Allies) Kim.Il-Sung: Look at your Korean god
(28:29 / All) IWiN3Vs3AllTiME: Lol
(28:29 / All) Kim.Il-Sung: That's right
(28:31 / All) Kim.Il-Sung: Get out you lost
(28:35 / All) IWiN3Vs3AllTiME: Green Suck my dick
(28:40 / All) IWiN3Vs3AllTiME: YOu loose too
(28:46 / All) Kim.Il-Sung: Yeah I do. I am 0-0 I do not care
(28:51 / All) IWiN3Vs3AllTiME: Look
(28:53 / All) Kim.Il-Sung: Sick TC placement son
(29:00 / All) FuriousHatred: lol green
(29:06 / All) TearinUpMyHeart: lol
(29:14 / All) Kim.Il-Sung: I can chase your shitty units all day
(29:16 / All) sorry-bob-helag: out teal
(29:20 / All) TearinUpMyHeart: they never noticed the expo below pink
(30:17 / All) Kim.Il-Sung: Bye, AM
(30:26 / All) sorry-bob-helag: ur team loses
(30:32 / All) Kim.Il-Sung: Alright